 Dungeon Crawl Stone Soup version 0.22.0-81-g402daae900 (webtiles) character file.

676 JedernureinKreuz the Conjurer (level 7, -2/51 HPs)
             Began as a Gnoll Conjurer on Sept 16, 2018.
             Slain by an orc warrior
             ... wielding a +0 dire flail
              (11 damage)
             ... on level 5 of the Dungeon.
             The game lasted 00:15:22 (3594 turns).

JedernureinKreuz the Conjurer (Gnoll Conjurer)      Turns: 3594, Time: 00:15:23

Health: -2/51      AC:  6    Str: 10    XL:     7   Next: 60%
Magic:  4/15       EV: 14    Int: 19    God:
Gold:   139        SH:  0    Dex: 16    Spells: 9/17 levels left

rFire    . . .     SeeInvis .   t - +0 dagger (venom)
rCold    . . .     Gourm    +   (no shield)
rNeg     . . .     Faith    .   q - +0 leather armour
rPois    .         Spirit   .   (no helmet)
rElec    .         Reflect  .   x - +0 cloak
rCorr    .         Harm     .   (no gloves)
MR       .....                  (no boots)
Stlth    +++.......             m - amulet of the gourmand
HPRegen  0.17/turn              H - +2 ring of protection (curse)
MPRegen  0.14/turn              (no ring)

@: drained
A: distributed training, fangs 1, strong nose
a: no special abilities


You were on level 5 of the Dungeon.
You were not hungry.

You visited 1 branch of the dungeon, and saw 6 of its levels.

You collected 139 gold pieces.

Inventory:

Hand Weapons
 k - a +0 whip
 l - a +0 dagger
 t - a +0 dagger of venom (weapon)
 y - a cursed -2 blowgun
 D - a +1 flail of protection
 J - a +0 hand crossbow
 O - a +1 dagger of distortion
Missiles
 h - 90 arrows
 j - 38 sling bullets
 o - 19 bolts
 p - 6 exploding tomahawks (quivered)
 w - 2 throwing nets
 z - 22 poisoned needles
Armour
 a - a +0 robe
 q - a +0 leather armour (worn)
 s - the +1 plate armour "Qaufirch" {rC+ Dex+4, unknown}
   (You found it on level 4 of the Dungeon)

   It affects your dexterity (+4).
   It protects you from cold.
 x - a +0 cloak (worn)
Jewellery
 m - an amulet of the gourmand (around neck)
 H - a cursed +2 ring of protection (left hand)
 K - an uncursed amulet of harm
Scrolls
 b - a scroll of enchant armour {unknown}
 d - 2 scrolls of identify {unknown}
 f - 4 scrolls of remove curse {unknown}
 g - 4 scrolls of magic mapping {unknown}
 i - a scroll of teleportation {unknown}
 u - 2 scrolls of blinking {unknown}
 A - 2 scrolls of amnesia {unknown}
 C - 2 scrolls of enchant weapon {unknown}
 F - a scroll of noise {unknown}
 G - a scroll of immolation {unknown}
Potions
 e - 4 potions of curing {unknown}
 n - a potion of mutation {unknown}
 r - a potion of cancellation {unknown}
 v - 2 potions of flight {unknown}
 B - a potion of degeneration {unknown}
 E - a potion of heal wounds {unknown}
 I - 2 potions of haste {unknown}
 L - a potion of brilliance {unknown}
 M - a potion of agility {unknown}
 N - a potion of resistance {unknown}
Comestibles
 c - 9 rations


   Skills:
 + Level 2.5(2.3) Fighting
 + Level 2.5(2.3) Short Blades
 + Level 2.5(2.3) Long Blades
 + Level 2.5(2.3) Axes
 + Level 2.5(2.3) Maces & Flails
 + Level 2.5(2.3) Polearms
 + Level 2.5(2.3) Staves
 + Level 2.5(2.3) Slings
 + Level 2.5(2.3) Bows
 + Level 2.5(2.3) Crossbows
 + Level 2.5(2.3) Throwing
 + Level 2.5(2.3) Armour
 + Level 5.2(5.1) Dodging
 + Level 4.9(4.7) Stealth
 + Level 2.5(2.3) Shields
 + Level 2.5(2.3) Unarmed Combat
 + Level 5.6(5.4) Spellcasting
 + Level 7.4(7.2) Conjurations
 + Level 2.0(1.9) Hexes
 + Level 2.0(1.9) Charms
 + Level 2.0(1.9) Summonings
 + Level 2.0(1.9) Necromancy
 + Level 2.0(1.9) Translocations
 + Level 2.0(1.9) Transmutations
 + Level 2.0(1.9) Fire Magic
 + Level 2.0(1.9) Ice Magic
 + Level 2.0(1.9) Air Magic
 + Level 2.0(1.9) Earth Magic
 + Level 2.0(1.9) Poison Magic
 + Level 2.8(2.6) Invocations
 + Level 2.5(2.3) Evocations


You had 9 spell levels left.
You knew the following spells:

 Your Spells              Type           Power        Failure   Level  Hunger
a - Magic Dart            Conj           ####         1%          1    None
b - Iskenderun's Mystic   Conj           ####....     8%          4    ####...
c - Dazzling Spray        Conj/Hex       ###...       7%          3    ##.....

Your spell library contained the following spells:

 Spells                   Type           Power        Failure   Level  Hunger
 Searing Ray              Conj           ####..       1%          2    None
 Force Lance              Conj/Tloc      ###.....     24%         4    ####...
 Fulminant Prism          Conj/Hex       ###.......   24%         4    ####...


Dungeon Overview and Level Annotations

Branches:
Dungeon (6/15)
 Temple: D:4-7

Altars:
Hepliaklqana
Makhleb
Vehumet
Xom
Yredelemnul
The Shining One


Innate Abilities, Weirdness & Mutations

Your experience applies equally to all skills.
You have very sharp teeth.
Your uncanny sense of smell can sniff out nearby items.


Message History

The orc wizard blinks!
The orc warrior barely misses you.
The orc wizard mumbles some strange words.
The orc wizard blinks!
The orc wizard gestures wildly while chanting.
The orc wizard blinks!
The orc wizard points at you and mumbles some strange words.
You resist with some effort.
There is a stone staircase leading up here.
The orc warrior hits you with a dire flail!
* * * LOW HITPOINT WARNING * * *
The orc wizard hits you but does no damage.
You climb upwards.
There is a stone staircase leading down here.
You barely miss the orc wizard. The orc warrior misses you.
The orc wizard hits you with a dagger.
* * * LOW HITPOINT WARNING * * *
You hit the orc wizard.
The orc wizard is poisoned.
The orc wizard is lightly wounded.
The orc warrior hits you with a dire flail!
You die...

∆ #
###.#.####.#
.......@...#
......oo....#
###.#######.#
# # ∆


You could see an orc warrior and an orc wizard.

Vanquished Creatures
  An orc warrior (D:6)
  An ogre (D:4)
  2 bullfrogs (D:6)
  A killer bee (D:6)
  3 crimson imps
  A hound (D:4)
  An orc wizard (D:4)
  A bullfrog skeleton (D:4)
  An iguana (D:4)
  An adder (D:2)
  An ooze (D:2)
  2 worms (D:3)
  2 dart slugs (D:1)
  3 leopard geckos
  19 orcs
  2 giant cockroaches
  7 goblins
  7 hobgoblins
  A quokka (D:4)
  A ball python (D:3)
  6 bats
  6 frilled lizards
  5 kobolds
  8 rats
83 creatures vanquished.

Notes
Turn   | Place    | Note
-------+----------+-------------------------------------------
     0 | D:1      | JedernureinKreuz the Gnoll Conjurer began the quest for the
                  | Orb.
     0 | D:1      | Reached XP level 1. HP: 13/13 MP: 6/6
   257 | D:1      | Reached XP level 2. HP: 19/19 MP: 5/7
   641 | D:1      | Reached XP level 3. HP: 25/25 MP: 7/9
   670 | D:1      | Reached skill level 5 in Spellcasting
  1211 | D:2      | Reached skill level 1 in Invocations
  1286 | D:2      | Reached skill level 1 in Fighting
  1286 | D:2      | Reached skill level 1 in Short Blades
  1286 | D:2      | Reached skill level 1 in Long Blades
  1286 | D:2      | Reached skill level 1 in Axes
  1286 | D:2      | Reached skill level 1 in Maces & Flails
  1286 | D:2      | Reached skill level 1 in Polearms
  1286 | D:2      | Reached skill level 1 in Staves
  1286 | D:2      | Reached skill level 1 in Slings
  1286 | D:2      | Reached skill level 1 in Bows
  1286 | D:2      | Reached skill level 1 in Crossbows
  1286 | D:2      | Reached skill level 1 in Throwing
  1286 | D:2      | Reached skill level 1 in Armour
  1286 | D:2      | Reached skill level 1 in Shields
  1286 | D:2      | Reached skill level 1 in Unarmed Combat
  1286 | D:2      | Reached skill level 1 in Evocations
  1438 | D:2      | Reached XP level 4. HP: 28/32 MP: 6/11
  1804 | D:3      | Found a radiant altar of Vehumet.
  1804 | D:3      | Found a burning altar of Makhleb.
  1825 | D:3      | Reached skill level 1 in Hexes
  1825 | D:3      | Reached skill level 1 in Charms
  1825 | D:3      | Reached skill level 1 in Summonings
  1825 | D:3      | Reached skill level 1 in Necromancy
  1825 | D:3      | Reached skill level 1 in Translocations
  1825 | D:3      | Reached skill level 1 in Transmutations
  1825 | D:3      | Reached skill level 1 in Fire Magic
  1825 | D:3      | Reached skill level 1 in Ice Magic
  1825 | D:3      | Reached skill level 1 in Air Magic
  1825 | D:3      | Reached skill level 1 in Earth Magic
  1825 | D:3      | Reached skill level 1 in Poison Magic
  2034 | D:3      | Found a glowing golden altar of the Shining One.
  2122 | D:3      | Found a shimmering altar of Xom.
  2123 | D:3      | Found a hazy altar of Hepliaklqana.
  2124 | D:3      | Noticed a spectral ugly thing
  2357 | D:4      | Learned a level 4 spell: Iskenderun's Mystic Blast
  2361 | D:4      | Learned a level 3 spell: Dazzling Spray
  2371 | D:4      | Got a steaming plate armour
  2394 | D:4      | Reached XP level 5. HP: 32/37 MP: 9/12
  2807 | D:4      | Noticed an ogre
  2814 | D:4      | Killed an ogre
  2814 | D:4      | Reached XP level 6. HP: 44/44 MP: 10/14
  2925 | D:4      | Reached skill level 5 in Dodging
  2962 | D:4      | You fall through a shaft for 2 floors!
  2978 | D:6      | Found a basalt altar of Yredelemnul.
  3081 | D:6      | Reached XP level 7. HP: 26/50 MP: 15/15
  3360 | D:6      | Found a runed door.
  3592 | D:5      | Entered Level 5 of the Dungeon
  3594 | D:5      | Slain by an orc warrior

Skill      XL: |  1  2  3  4  5  6  7 |
---------------+----------------------+-----
Spellcasting   | 5 |  5.6
Invocations    | 1 2 |  2.8
Fighting       | 1 2 |  2.5
Short Blades   | 1 2 |  2.5
Long Blades    | 1 2 |  2.5
Axes           | 1 2 |  2.5
Maces & Flails | 1 2 |  2.5
Polearms       | 1 2 |  2.5
Staves         | 1 2 |  2.5
Slings         | 1 2 |  2.5
Bows           | 1 2 |  2.5
Crossbows      | 1 2 |  2.5
Throwing       | 1 2 |  2.5
Armour         | 1 2 |  2.5
Shields        | 1 2 |  2.5
Unarmed Combat | 1 2 |  2.5
Evocations     | 1 2 |  2.5
Hexes          | 1 2 |  2.0
Charms         | 1 2 |  2.0
Summonings     | 1 2 |  2.0
Necromancy     | 1 2 |  2.0
Translocations | 1 2 |  2.0
Transmutations | 1 2 |  2.0
Fire Magic     | 1 2 |  2.0
Ice Magic      | 1 2 |  2.0
Air Magic      | 1 2 |  2.0
Earth Magic    | 1 2 |  2.0
Poison Magic   | 1 2 |  2.0
Dodging        | 5 |  5.2
Stealth        | |  4.9
Conjurations   | |  7.4

Action                   |  1- 3 |  4- 6 |  7- 9 || total
-------------------------+-------+-------+-------++-------
Melee: Dagger            |    38 |    63 |    25 ||   126
       Bite              |     6 |     8 |     3 ||    17
       Unarmed           |     2 |       |       ||     2
       Punch             |       |       |     1 ||     1
 Cast: Magic Dart        |    48 |    53 |     3 ||   104
       Iskenderun's Myst |       |     2 |     4 ||     6
       Dazzling Spray    |       |       |     1 ||     1
 Stab: Sleeping          |     4 |     2 |     3 ||     9
  Eat: Chunk             |     1 |     8 |     4 ||    13
Armor: Robe              |     3 |       |       ||     3
       Leather armour    |     6 |    12 |     5 ||    23
Dodge: Dodged            |    35 |    49 |    10 ||    94
